cohdb
Replays
Latest Replays
All Replays
Popular Replays
Top Player Replays
Match Explorer
How It Works
Community
CoH3 Stats
Reddit
Sign in to upload your games and track your stats! →
Sign in with Steam
Match 41327638
Unlisted
Match 41327638
Overview
Messages
Build Orders
End
Construct Section Command Post
Infantry Section
Infantry Section
Infantry Section
Grenade Package
Construct Field Infirmary
Selects Air and Sea Battlegroup
Selects Commando Section Paradrop
Commando Section Paradrop
Construct Platoon Command Post
6-pounder Anti-tank Gun Team
Selects M1 Pack Howitzer Paradrop
CMP 15cwt Truck
Vichunt_st
Nubbl0r
0
0
Comments
sign in to comment!
No comments posted yet!